 Dungeon Crawl Stone Soup version 0.18-a0-775-g4d9e04e (webtiles) character file.

42 JokEr the Sneak (level 3, -1/19 HPs)
             Began as a Vine Stalker Assassin on Dec 13, 2015.
             Slain by Crazy Yiuf
             ... wielding a +2 quarterstaff of chaos
              (3 damage)
             ... on level 2 of the Dungeon.
             The game lasted 00:02:41 (946 turns).

JokEr the Sneak (Vine Stalker Assassin)              Turns: 946, Time: 00:02:41

Health: -1/19      AC: 14    Str: 14    XL:     3   Next: 56%
Magic:  0/4        EV:  0    Int: 11    God:
Gold:   33         SH:  7    Dex: 15    Spells: 0 memorised, 2 levels left

rFire  . . .     SeeInvis .     a - +2 dagger
rCold  . . .     Clarity  .     h - +1 plate armour
rNeg   . . .     SustAt   .     i - +0 shield
rPois  .         Gourm    .     n - +0 helmet
rElec  .         Spirit   +     d - +0 cloak
rCorr  .         Dismiss  .     (no gloves)
rMut   .         Stasis   .     c - +0 pair of boots
MR     .....                    (no amulet)
Stlth  ..........               (no ring)
                                (no ring)

@: not resistant to hostile enchantments, extremely unstealthy
A: fangs 2, regeneration 1, magic shield, antimagic bite, no device heal 3, rot
immunity
a: no special abilities


You were on level 2 of the Dungeon.
You were not hungry.

You visited 1 branch of the dungeon, and saw 2 of its levels.

You collected 33 gold pieces.

Inventory:

Hand Weapons
 a - a +2 dagger (weapon)
 b - a +0 blowgun
Missiles
 e - 14 poisoned needles
 f - 2 curare-tipped needles
Armour
 c - a +0 pair of boots (worn)
 d - a +0 cloak (worn)
 h - a +1 plate armour (worn)
 i - a +0 shield (worn)
 n - a +0 helmet (worn)
Scrolls
 j - a scroll of enchant weapon {unknown}
 m - 2 scrolls of identify {unknown}
 o - a scroll of magic mapping {unknown}
Potions
 k - a potion of mutation {unknown}
 p - a potion of curing {unknown}
Comestibles
 g - a bread ration
 l - a meat ration


   Skills:
 + Level 2.5 Fighting
 + Level 2.9 Short Blades
 - Level 1.7 Throwing
 - Level 0.7 Dodging
 - Level 4.8 Stealth


You had 2 spell levels left.
You didn't know any spells.

Dungeon Overview and Level Annotations

Branches:
Dungeon (2/15)

Altars:

Annotations:
D:2 Crazy Yiuf


Innate Abilities, Weirdness & Mutations

You have extremely sharp teeth.
Your natural rate of healing is unusually fast.
When hurt, damage is shared between your health and your magic reserves.
Your bite disrupts and absorbs the magic of your enemies.
Potions and wands cannot restore your health.
You are immune to rotting.


Message History

You are too injured to fight recklessly!
You are too injured to fight recklessly!
You are too injured to fight recklessly!
You are too injured to fight recklessly!
You hit Crazy Yiuf.
Crazy Yiuf is almost dead.
Crazy Yiuf twirls on the spot.
You block Crazy Yiuf's attack.
You hit Crazy Yiuf but do no damage.
Crazy Yiuf is almost dead.
Crazy Yiuf hits you with a quarterstaff of chaos.
* * * LOW HITPOINT WARNING * * *
Crazy Yiuf draws strength from your injuries!
Your plate armour prevents you from hitting Crazy Yiuf.
Crazy Yiuf is severely wounded.
Crazy Yiuf zaps a wand.
The puff of flame hits you!
Your shield and plate armour prevent you from hitting Crazy Yiuf.
Crazy Yiuf is severely wounded.
Crazy Yiuf hits you with a quarterstaff of chaos.
You die...

..#####.#.##
#+..'#
#....(#....#
#....# #.#
#.###.##
##...# ..#
#..)..#
##.##
..###..####
##.#
.......#
#.##
.#####.#
##.# .# #.#
#.## .. ..#
#@# .## ###
#.g.# .#
#...# .#
#)..# .#
#####


You could see Crazy Yiuf.

Vanquished Creatures
  An adder (D:2)
  4 bats (D:1)
  3 giant cockroaches (D:1)
  9 hobgoblins
  5 kobolds
  A giant gecko (D:1)
  5 giant newts
  3 goblins (D:1)
  3 rats
34 creatures vanquished.

Notes
Turn   | Place    | Note
--------------------------------------------------------------
     0 | D:1      | JokEr the Vine Stalker Assassin began the quest for the Orb.
     0 | D:1      | Reached XP level 1. HP: 11/11 MP: 2/2
   108 | D:1      | Reached XP level 2. HP: 15/15 MP: 3/3
   441 | D:1      | Reached XP level 3. HP: 17/19 MP: 4/4
   932 | D:2      | Noticed Crazy Yiuf
   946 | D:2      | Slain by Crazy Yiuf

Vault maps used:
D:1:      minmay_arrival_hallway, serial_park_tiny_pond, minivault_24
D:2:      kennysheep_generic_room_13, uniq_crazy_yiuf_cottage

Action                   || total
-------------------------++-------
Melee: Dagger            ||   126
  Use: Scroll            ||     2
